 Dungeon Crawl Stone Soup version 0.29-a0-993-g4a18f31a58 (webtiles) character file.

Game seed: 1784186952103241924

139 enile the Fortune-Teller (level 5, -2/39 HPs)
             Began as a Demonspawn Venom Mage on Aug 2, 2022.
             Was a Believer of Nemelex Xobeh.
             Succumbed to an orc wizard's poison
             ... on level 4 of the Dungeon.
             The game lasted 00:06:09 (4166 turns).

enile the Fortune-Teller (Demonspawn Venom Mage)    Turns: 4166, Time: 00:06:10

Health: -2/39      AC:  6    Str:  8    XL:     5   Next: 1%
Magic:  7/8        EV: 12    Int: 18    God:    Nemelex Xobeh [**....]
Gold:   134        SH:  0    Dex: 14    Spells: 7/8 levels left

rFire   + . .      SeeInvis .   h - +2 whip (flame)
rCold   . . .      Faith    .   (no shield)
rNeg    + + .      Spirit   .   p - +2 robe {rN+}
rPois   .          Reflect  .   (no helmet)
rElec   .          Harm     .   (no cloak)
rCorr   .          Rampage  .   (no gloves)
Will    .....                   (no boots)
Stlth   ++........              (no amulet)
HPRegen 0.13/turn               j - ring of positive energy
MPRegen 0.11/turn               (no ring)

@: lethally poisoned (-2 -> -32)
A: icy blue scales 1, demonic guardian 1, fire resistance 1, MP-powered wands
a: Renounce Religion, Draw Escape, Draw Destruction, Draw Summoning


You were on level 4 of the Dungeon.
You worshipped Nemelex Xobeh.
Nemelex Xobeh was pleased with you.
You visited 1 branch of the dungeon, and saw 4 of its levels.

You collected 134 gold pieces.

Inventory:

Hand Weapons
 b - a +0 dagger
 g - a +0 hand axe
 h - a +2 whip of flaming (weapon)
Missiles
 n - 3 curare-tipped darts
 o - 3 atropa-tipped darts
Armour
 a - a +1 robe
 p - a +2 robe of positive energy (worn)
Jewellery
 j - a ring of positive energy (left hand)
 k - a ring of see invisible
Wands
 l - a wand of polymorph (11)
Scrolls
 d - a scroll of enchant armour
 e - a scroll of amnesia
 f - a scroll of immolation
 i - a scroll of butterflies {unknown}
 s - a scroll of summoning {unknown}
 w - a scroll of noise {unknown}
Potions
 c - a potion of mutation
 m - a potion of cancellation {unknown}
 q - a potion of magic
 r - a potion of flight {unknown}
 t - a potion of degeneration {unknown}
 u - a potion of heal wounds {unknown}
 v - a potion of might {unknown}
 x - a potion of haste


   Skills:
 + Level 2.5 Fighting
 - Level 1.7 Dodging
 - Level 1.7 Stealth
 - Level 2.0 Spellcasting
 - Level 0.8 Transmutations
 - Level 3.0 Poison Magic
 - Level 5.0 Invocations


You had 7 spell levels left.
You knew the following spells:

 Your Spells              Type           Power      Damage    Failure   Level
a - Sting                 Tmut/Pois      32%        1d4       9%          1

Your spell library contained the following spells:

 Spells                   Type           Power      Damage    Failure   Level
 Poisonous Vapours        Pois/Air       14%        N/A       14%         2
 Necrotise                Necr           4%         1d4       19%         1
 Mephitic Cloud           Conj/Pois/Air  5%         N/A       34%         3
 Olgreb's Toxic Radiance  Pois           12%        N/A       45%         4
 Vampiric Draining        Necr           1%         2d6       47%         3
 Corpse Rot               Necr/Pois/Air  5%         N/A       75%         4
 Fulminant Prism          Conj/Hex       0%         3d6       87%         4
 Iskenderun's Mystic Bla  Conj/Tloc      1%         2d3       87%         4
 Agony                    Necr           1%         N/A       99%         5
 Lee's Rapid Deconstruct  Erth           0%         3d5*      99%         5


Dungeon Overview and Level Annotations

Branches:
Dungeon (4/15)
 Temple: D:4-7

Altars:
Nemelex Xobeh

Shops:
D:3 [[=:


Innate Abilities, Weirdness & Mutations

You are partially covered in icy blue scales. (AC +2)
A weak demonic guardian rushes to your aid.
Your flesh is heat resistant. (rF+)
You expend magic power (3 MP) to strengthen your wands.


Message History

You are very lightly contaminated with residual magic.
Nothing appears to happen.
You feel very sick. The orc wizard completely misses you.
You draw a card...
You have drawn the Cloud.
Clouds appear around you!
You feel sick. The orc wizard casts a spell at you. The magic dart hits you.
Press: ? - help, v - describe, . - travel The floor.
There is a cloud of black smoke here.
You draw a card...
You have drawn Exile.
You feel sick.
The orc wizard hits you but does no damage.
You are more poisoned.
You draw a card...
You have drawn the Elixir.
You begin rapidly regenerating health and magic.
You feel very sick.
The orc wizard casts a spell.
The orc wizard flickers and vanishes!
Deactivating autopickup; reactivate with Ctrl-A.
You miss something.
You feel very sick. Something hits you but does no damage.
You are lethally poisoned!
Okay, then.
Okay, then.
Okay, then.
You draw a card...
You have drawn the Dance.
You feel very sick. Something hits you.
* * * LOW HITPOINT WARNING * * *
You are more poisoned.
Okay, then.
* * * LOW HITPOINT WARNING * * *
You feel very sick.
Your magical contamination has completely faded away.
Something hits you but does no damage.
You are more poisoned.
You die...
Your body glows slightly and disappears.

. #.....<.# #. #####
#######.### .##... .#
#....# ....####.# #.##.#♣
.....##.# #.##...
#.##.##.#####.####. #
#.##........#.####.
#####.###.(......[..#......
..?...oo..@.....<....######
######.######........# #.
#........# .o #.......##
..o ####...## #..o ....##
#... #.#..# #... #...##
##.##


You could see 2 orcs and a friendly -1 hand axe of Truth {protect, rN++ Dex-3}
(summoned, wandering).

Vanquished Creatures
  4 adders
  An ufetubus (D:4)
  2 worms (D:2)
  2 dart slugs
  5 orcs
  An endoplasm (D:3)
  A giant cockroach (D:1)
  9 goblins
  6 hobgoblins
  7 kobolds
  A quokka (D:2)
  5 ball pythons
  3 bats
  A frilled lizard (D:1)
  7 rats
55 creatures vanquished.

Vanquished Creatures (collateral kills)
  2 adders (D:2)
  2 dart slugs
  A ball python (D:1)
  An endoplasm (D:3)
6 creatures vanquished.

Vanquished Creatures (others)
  5 plants (D:3)
5 creatures vanquished.

Grand Total: 66 creatures vanquished

Notes
Turn   | Place    | Note
-------+----------+-------------------------------------------
     0 | D:1      | enile the Demonspawn Venom Mage began the quest for the
                  | Orb.
     0 | D:1      | Reached XP level 1. HP: 13/13 MP: 3/3
   265 | D:1      | Reached skill level 1 in Fighting
   447 | D:1      | Found a faded altar of an unknown god.
   455 | D:1      | Prayed at the altar of an unknown god.
   455 | D:1      | Became a worshipper of Nemelex Xobeh the Trickster
   455 | D:1      | Reached * piety under Nemelex Xobeh
   455 | D:1      | Received a gift from Nemelex Xobeh
   540 | D:1      | Gained mutation: A weak demonic guardian rushes to your
                  | aid. [demonic ancestry]
   540 | D:1      | Reached XP level 2. HP: 21/22 MP: 0/5
  1371 | D:2      | Gained mutation: Your flesh is heat resistant. (rF+)
                  | [potion of mutation]
  1371 | D:2      | Gained mutation: You have hidden genetic potential. [potion
                  | of mutation]
  1371 | D:2      | Gained mutation: You sometimes lose your temper in combat.
                  | [potion of mutation]
  1373 | D:2      | Reached skill level 1 in Invocations
  1377 | D:2      | Reached skill level 2 in Invocations
  1571 | D:2      | Reached XP level 3. HP: 27/27 MP: 1/6
  1750 | D:2      | Gained mutation: You expend magic power (3 MP) to
                  | strengthen your wands. [hidden potential]
  1979 | D:2      | Reached skill level 3 in Invocations
  2629 | D:2      | Received a gift from Nemelex Xobeh
  2892 | D:3      | Found Udikhleen's Book Shop.
  3075 | D:3      | Found Myaddotuna's Armour Boutique.
  3087 | D:3      | Gained mutation: You are partially covered in icy blue
                  | scales. (AC +2) [demonic ancestry]
  3087 | D:3      | Reached XP level 4. HP: 33/33 MP: 7/7
  3200 | D:3      | Reached skill level 4 in Invocations
  3261 | D:3      | Found Viphupla's Armour Shop.
  3431 | D:3      | Lost mutation: You sometimes lose your temper in combat.
                  | [hidden potential]
  3431 | D:3      | Lost mutation: You have hidden genetic potential. [hidden
                  | potential expressed]
  3492 | D:3      | Found Voukijar's Jewellery Emporium.
  3594 | D:3      | Reached ** piety under Nemelex Xobeh
  3749 | D:3      | Reached skill level 5 in Invocations
  4152 | D:4      | Reached XP level 5. HP: 37/39 MP: 6/8
  4164 | D:4      | Identified the -1 hand axe of Truth {protect, rN++ Dex-3}
  4166 | D:4      | Succumbed to an orc wizard's poison

Illustrated notes

Levels and vault maps discovered:
D:1:      minmay_arrival_wavy_path, layout_loops_ring,
          dreamdust_ecumenical_altar_statues
D:2:      layout_basic, minmay_bisected
D:3:      corexii_shack_village, layout_basic, serial_shops, shop, shop,
          nicolae_diamond_shop, shop
D:4:      layout_loops_cross, fedhas_altar_fruit_tree, portal_sewer_entry_e,
          kennysheep_generic_room_14, uniq_blork_the_orc

Skill      XL: |  1  2  3  4 |
---------------+-------------+-----
Fighting       | 1 2 |  2.5
Invocations    | 2 3 5 |  5.0
Dodging        | |  1.7
Stealth        | |  1.7
Spellcasting   | |  2.0
Transmutations | |  0.8
Poison Magic   | |  3.0

Action                   |  1- 3 |  4- 6 || total
-------------------------+-------+-------++-------
Melee: Dagger            |     5 |       ||     5
       Unarmed           |     1 |       ||     1
       Hand axe          |    21 |       ||    21
       Whip              |    29 |    77 ||   106
       Punch             |     1 |     1 ||     2
 Cast: Sting             |    39 |    18 ||    57
Invok: Draw Escape       |       |     3 ||     3
       Draw Summoning    |       |     1 ||     1
  Use: Potion            |     4 |       ||     4
       Scroll            |       |     3 ||     3
 Stab: Sleeping          |     2 |     2 ||     4
Armor: Robe              |     9 |    29 ||    38
Dodge: Dodged            |    44 |    58 ||   102

Table legend: (Time is in decaauts)
 A = Elapsed time spent in this place.
 B = Non-inter-level travel time spent in this place.
 C = Inter-level travel time spent in this place.
 D = Time resting spent in this place.
 E = Time spent auto-exploring this place.
 F = Levels seen in this place.
 G = Mean time per level.
                   A        B        C        D        E       F      G
               +--------+--------+--------+--------+--------+-----+--------+
         Total |   4188 |   4015 |    173 |      0 |   3489 |   4 | 1047.0 |
       Dungeon |   4188 |   4015 |    173 |      0 |   3489 |   4 | 1047.0 |
               +--------+--------+--------+--------+--------+-----+--------+

Top non-repeatable levels by time:
     D:2: 1687 daAuts
     D:1: 1206 daAuts
     D:3: 1166 daAuts
     D:4: 127 daAuts
